 Dungeon Crawl Stone Soup version 0.23.2-40-g277498a001 (webtiles) character file.

Game seed: 14105081578547611485

218 Felnil the Skirmisher (level 5, -2/53 HPs)
             Began as a Minotaur Fighter on Aug 15, 2019.
             Killed from afar by loralnil's ghost (18 damage)
             ... with a stone arrow
             ... on level 3 of the Dungeon.
             The game lasted 00:04:44 (2078 turns).

Felnil the Skirmisher (Minotaur Fighter)            Turns: 2078, Time: 00:04:44

Health: -2/53      AC:  8    Str: 22    XL:     5   Next: 63%
Magic:  4/4        EV:  7    Int:  5    God:
Gold:   105        SH:  0    Dex:  9    Spells: 4/4 levels left

rFire    . . .     SeeInvis .   a - +0 war axe
rCold    . . .     Gourm    .   c - +0 shield
rNeg     + . .     Faith    .   o - +2 scale mail {MR+}
rPois    .         Spirit   .   (helmet restricted)
rElec    .         Reflect  .   (no cloak)
rCorr    .         Harm     .   (no gloves)
MR       +....                  (no boots)
Stlth    ..........             (no amulet)
HPRegen  0.17/turn              k - ring of positive energy
MPRegen  0.09/turn              (no ring)

@: confused
A: retaliatory headbutt, horns 2
a: no special abilities


You were on level 3 of the Dungeon.
You were hungry.

You visited 1 branch of the dungeon, and saw 3 of its levels.

You collected 105 gold pieces.

Inventory:

Hand Weapons
 a - a +0 war axe (weapon)
Armour
 c - a +0 shield (worn)
 o - a +2 scale mail of magic resistance (worn)
Jewellery
 k - a ring of positive energy (left hand)
Scrolls
 b - a scroll of remove curse {unknown}
 e - a scroll of random uselessness {unknown}
 h - 2 scrolls of teleportation {unknown}
 i - 3 scrolls of noise {unknown}
 m - a scroll of amnesia {unknown}
 n - a scroll of fog {unknown}
 p - a scroll of identify {unknown}
 q - a scroll of enchant armour {unknown}
Potions
 d - 2 potions of might
 g - a potion of cancellation
Comestibles
 f - 7 rations


   Skills:
 + Level 7.7 Fighting
 - Level 2.4 Axes
 - Level 3.6 Armour
 - Level 3.6 Shields


You had 4 spell levels left.
You didn't know any spells.
Your spell library was empty.

Dungeon Overview and Level Annotations

Branches:
Dungeon (3/15)

Altars:
Fedhas
Makhleb
Nemelex Xobeh
Qazlal

Annotations:
D:3 loralnil's ghost, amateur GrEE


Innate Abilities, Weirdness & Mutations

You reflexively headbutt those who attack you in melee.
You have a pair of horns on your head.


Message History

Loralnil's ghost points at you and mumbles some strange words.
The stone arrow hits you!!
* * * LOW HITPOINT WARNING * * *
It was a potion of curing.
You feel better.
Loralnil's ghost gestures at you while chanting.
You block the stone arrow.
It was a potion of cancellation.
You feel magically purged. Loralnil's ghost hits you!
* * * LOW HITPOINT WARNING * * *
Loralnil's ghost burns you.
* * * LOW HITPOINT WARNING * * *
You feel better.
Loralnil's ghost points at you and mumbles some strange words.
The stone arrow misses you.
It was a potion of ambrosia.
You are confused.
You feel invigorated.
Loralnil's ghost gestures at you while chanting.
The stone arrow hits you!!
You die...

.#.# #.# ###
...###########.##[♣⌠♣$##
............).##8.....8##
....#.).......#........$#
8.............#♣.....).♣#
...###........#⌠.......⌠#
...# #........#♣.......♣
#### #........####'''###
# ##########.@W.....# #
####.###.#### #######
#........#
......######.......##
...........#.......#
...###.###............
...# #.# #.........###
...###'###.#†......#
.....+_'...#.†.....#


You could see loralnil's ghost.

Vanquished Creatures
  The ghost of barcode the Ducker, a weakling SpWn (D:3)
  An orc priest (D:3)
  An orc wizard (D:3)
  A worker ant zombie (D:3)
  4 adders
  3 worms
  3 dart slugs
  4 orcs (D:3)
  2 ball pythons (D:1)
  7 bats
  3 giant cockroaches
  6 goblins
  9 hobgoblins
  5 kobolds
  4 frilled lizards
  10 rats
64 creatures vanquished.

Notes
Turn   | Place    | Note
-------+----------+-------------------------------------------
     0 | D:1      | Felnil the Minotaur Fighter began the quest for the Orb.
     0 | D:1      | Reached XP level 1. HP: 19/19 MP: 0/0
    18 | D:1      | Reached skill level 4 in Fighting
   154 | D:1      | Reached XP level 2. HP: 28/28 MP: 1/1
   642 | D:1      | Reached skill level 5 in Fighting
   826 | D:2      | Reached XP level 3. HP: 36/36 MP: 2/2
   840 | D:2      | Found a sparkling altar of Nemelex Xobeh.
  1074 | D:2      | Found a stormy altar of Qazlal.
  1301 | D:3      | Reached skill level 6 in Fighting
  1301 | D:3      | Reached XP level 4. HP: 44/44 MP: 3/3
  1480 | D:3      | Found a blossoming altar of Fedhas.
  1513 | D:3      | Reached skill level 7 in Fighting
  1513 | D:3      | Reached XP level 5. HP: 10/52 MP: 4/4
  1860 | D:3      | Found a faded altar of an unknown god.
  1897 | D:3      | Found a burning altar of Makhleb.
  2046 | D:3      | Found a runed translucent gate.
  2049 | D:3      | Found a runed translucent gate.
  2049 | D:3      | Noticed loralnil's ghost (amateur GrEE)
  2049 | D:3      | Noticed barcode's ghost (weakling SpWn)
  2051 | D:3      | Found a runed translucent gate.
  2071 | D:3      | Killed barcode's ghost
  2074 | D:3      | HP: 1/53 [loralnil's ghost/stone arrow (18)]
  2078 | D:3      | Killed from afar by loralnil's ghost

Skill      XL: |  1  2  3  4 |
---------------+-------------+-----
Fighting       | 4 5 6 7 |  7.7
Axes           | |  2.4
Armour         | |  3.6
Shields        | |  3.6

Action                   |  1- 3 |  4- 6 || total
-------------------------+-------+-------++-------
Melee: War axe           |    94 |    59 ||   153
       Headbutt          |    16 |    11 ||    27
  Use: Potion            |       |     4 ||     4
  Eat: Chunk             |     1 |     2 ||     3
Armor: Scale mail        |    35 |    23 ||    58
Dodge: Dodged            |    26 |    19 ||    45
Block: Shield            |    44 |    36 ||    80
